 Dungeon Crawl Stone Soup version 0.26-a0-466-g989023bd0d (webtiles) character file.

Game seed: 3298699014370980718

32 Lanoc the Insei (level 3, -4/23 HPs)
             Began as an Octopode Transmuter on Aug 13, 2020.
             Slain by a worm (11 damage)
             ... on level 1 of the Dungeon.
             The game lasted 00:00:31 (48 turns).

Lanoc the Insei (Octopode Transmuter)                 Turns: 48, Time: 00:00:32

Health: -4/23      AC:  1    Str:  9    XL:     3   Next: 27%
Magic:  3/6        EV: 13    Int: 15    God:
Gold:   0          SH:  0    Dex: 13    Spells: 5/6 levels left

rFire    . . .     SeeInvis .     - Unarmed
rCold    . . .     Faith    .   (no shield)
rNeg     . . .     Spirit   .   (helmet currently unavailable)
rPois    .         Reflect  .   (no amulet)
rElec    .         Harm     .   (no ring)
rCorr    .                      (no ring)
MR       .....                  (no ring)
Stlth    ++........             (no ring)
HPRegen  0.07/turn              (no ring)
MPRegen  0.10/turn              (no ring)
                                (no ring)
                                (no ring)

@: appendages (expiring)
A: almost no armour, stealthy swim, amphibious, 8 rings, constrict 8, tentacle
spike 3, camouflage 1, gelatinous body 1
a: End Transformation


You were on level 1 of the Dungeon.
One of your tentacles had a temporary spike.
You visited 1 branch of the dungeon, and saw 1 of its levels.

You aren't carrying anything.


   Skills:
 + Level 1.4 Fighting
 + Level 2.3 Dodging
 * Level 3.4 Unarmed Combat
 - Level 2.0 Spellcasting
 * Level 2.5 Transmutations


You had 5 spell levels left.
You knew the following spells:

 Your Spells              Type           Power        Failure   Level
a - Beastly Appendage     Tmut           #.....       8%          1

Your spell library contained the following spells:

 Spells                   Type           Power        Failure   Level
 Wereblood                Tmut           #.......     12%         2
 Spider Form              Tmut/Pois      #.........   36%         3
 Ice Form                 Ice/Tmut       #.......     78%         4
 Blade Hands              Tmut           #.........   91%         5


Dungeon Overview and Level Annotations

Branches:
Dungeon (1/15)

Altars:


Innate Abilities, Weirdness & Mutations

You cannot wear most types of armour.
You are very stealthy in the water. (Stealth+)
You are amphibious.
You can wear up to eight rings at the same time.
You can use your tentacles to constrict eight enemies at once.
Your skin changes colour to match your surroundings (Stealth+).
Your rubbery body absorbs attacks. (AC +1, EV +1)
One of your tentacles bears a large vicious spike.


Message History

You pierce the giant cockroach, but do no damage.
The giant cockroach is almost dead.
You constrict the giant cockroach.
You kill the giant cockroach!
You tentacle-slap the ooze. You squeeze the ooze!
You kill the ooze!
You tentacle-slap the worm. You grab the worm.
The worm is lightly wounded.
You constrict the worm. You tentacle-slap the worm.
The worm is heavily wounded.
Your transformation is almost over.
You constrict the worm. The worm bites you.
You tentacle-slap the worm.
The worm is heavily wounded.
You constrict the worm. You barely miss the worm.
The worm is severely wounded.
You constrict the worm. The worm bites you!
You die...

###+#######+###
#..⌠...>...⌠..#
#......<......#
+⌠....###....⌠+
#......†@.....#
#######w#######
#.............#
#.............#
#.............#
##############


You could see a worm.

Vanquished Creatures
  4 oozes (D:1)
  7 giant cockroaches (D:1)
  A jackal (D:1)
  3 rats (D:1)
15 creatures vanquished.

Notes
Turn   | Place    | Note
-------+----------+-------------------------------------------
     0 | D:1      | Lanoc the Octopode Transmuter began the quest for the Orb.
     0 | D:1      | Reached XP level 1. HP: 13/13 MP: 3/3
     1 | D:1      | Found a runed translucent door.
    20 | D:1      | Reached XP level 2. HP: 13/18 MP: 3/5
    35 | D:1      | Reached XP level 3. HP: 11/23 MP: 2/6
    48 | D:1      | Slain by a worm

Illustrated notes

Levels and vault maps discovered:
D:1:      dpeg_arrival_caged_fury, layout_basic, chequers_serial_rivers_micro_a,
          kennysheep_flooded_box

Action                   || total
-------------------------++-------
Melee: Unarmed           ||    40
       Constrict         ||    10
       Kick              ||     7
       Tentacles         ||     8
 Cast: Beastly Appendage ||     3
Armor: Skin              ||     1
Dodge: Dodged            ||    21

Table legend: (Time is in decaauts)
 A = Elapsed time spent in this place.
 B = Non-inter-level travel time spent in this place.
 C = Inter-level travel time spent in this place.
 D = Time resting spent in this place.
 E = Time spent auto-exploring this place.
 F = Levels seen in this place.
 G = Mean time per level.
                   A        B        C        D        E       F      G
               +--------+--------+--------+--------+--------+-----+--------+
         Total |     45 |     45 |      0 |      0 |      2 |   1 |   45.0 |
       Dungeon |     45 |     45 |      0 |      0 |      2 |   1 |   45.0 |
               +--------+--------+--------+--------+--------+-----+--------+

Top non-repeatable levels by time:
     D:1: 45 daAuts
